 Dungeon Crawl Stone Soup version 0.28-a0-563-gf77a47075d (webtiles) character file.

Game seed: 18419637338535099499

7098 robertstho the Thaumaturge (level 11, 0/76 HPs)
             Began as a Djinni Fire Elementalist on Sept 29, 2021.
             Slain by an orc warrior (9 damage)
             ... on level 9 of the Dungeon.
             The game lasted 00:16:25 (11198 turns).

robertstho the Thaumaturge (DjFE)                  Turns: 11198, Time: 00:16:26

Health: 0/76       AC: 11    Str: 14    XL:     11   Next: 30%
Gold:   418        EV: 11    Int: 21    God:
                   SH:  5    Dex: 13

rFire   + + .      SeeInvis +   o - +6 battleaxe "Teveblim" {venom, Str+7}
rCold   x . .      Faith    .   (shield currently unavailable)
rNeg    + . .      Spirit   .   v - +5 ring mail of Apaon {rN+ SInv}
rPois   ∞          Reflect  +   (no helmet)
rElec   .          Harm     .   p - +0 cloak
rCorr   .          Rampage  .   (no gloves)
Will    +....                   (boots unavailable)
Stlth   ++........              d - amulet of reflection
HPRegen 0.22/turn               u - +4 ring of slaying
MPRegen 0.00/turn               (no ring)

@: flying
A: sickness immunity, fire resistance 2, cold vulnerability 1, float, innate
caster, hp casting, extra vitality 1
a: no special abilities


You were on level 9 of the Dungeon.
You visited 2 branches of the dungeon, and saw 10 of its levels.

You collected 418 gold pieces.

Inventory:

Hand Weapons
 a - a +4 long sword of draining
 b - a +0 short sword
 o - the +6 battleaxe "Teveblim" (weapon) {venom, Str+7}
   (You found it on level 8 of the Dungeon)

   It poisons the flesh of those it strikes.
   Str:       It affects your strength (+7).
Missiles
 e - 3 throwing nets
Armour
 i - a +2 robe of cold resistance
 p - a +0 cloak (worn)
 v - the +5 ring mail of Apaon (worn) {rN+ SInv}
   (You found it on level 8 of the Dungeon)

   rN:        It protects you from negative energy.
   SInv:      It lets you see invisible.
Jewellery
 d - an amulet of reflection (around neck)
 u - a +4 ring of slaying (left hand)
Wands
 l - a wand of flame (49)
 m - a wand of mindburst (1)
 w - a wand of paralysis (6)
 y - a wand of polymorph (20)
 C - a wand of acid (4)
Scrolls
 c - a scroll of acquirement
 f - 2 scrolls of amnesia
 h - 6 scrolls of identify
 x - a scroll of teleportation {unknown}
Potions
 g - 2 potions of attraction {unknown}
 j - 2 potions of might {unknown}
 k - a potion of lignification {unknown}
 n - a potion of magic {unknown}
 q - a potion of curing {unknown}
 r - a potion of resistance {unknown}
 s - a potion of brilliance
 t - a potion of cancellation {unknown}
 z - a potion of ambrosia {unknown}
 A - a potion of berserk rage {unknown}
 B - a potion of haste {unknown}


   Skills:
 * Level 5.9 Fighting
 + Level 1.7 Long Blades
 + Level 2.9 Axes
 + Level 1.4 Armour
 + Level 3.8 Dodging
 + Level 3.2 Stealth
 + Level 2.5 Shields
 * Level 10.8 Spellcasting
 + Level 2.1 Evocations


You had 3 spell levels left.
You knew the following spells:

 Your Spells              Type           Power      Damage    Failure   Level
a - Foxfire               Conj/Fire      100%       2x1d9     1%          1
b - Scorch                Fire           100%       2d10      1%          2
c - Conjure Flame         Conj/Fire      55%        6-21      1%          3
d - Inner Flame           Hex/Fire       55%        N/A       1%          3
e - Flame Wave            Conj/Fire      55%        3d10      1%          4
f - Animate Skeleton      Necr           100%       N/A       1%          1
g - Wereblood             Tmut           55%        N/A       1%          2
h - Ozocubu's Armour      Ice            55%        N/A       1%          3
i - Ice Form              Ice/Tmut       55%        N/A       1%          4
j - Lightning Bolt        Conj/Air       27%        1d44      3%          5
Your spell library was empty.

Dungeon Overview and Level Annotations

Branches:
Dungeon (9/15)             Temple (1/1) D:7
   Lair: D:8-11         Orc: D:9-12

Altars:
Ashenzari
Cheibriados
Dithmenos
Elyvilon
Fedhas
Hepliaklqana
Kikubaaqudgha
Makhleb
Nemelex Xobeh
Okawaru
Qazlal
Sif Muna
Trog
Wu Jian
Xom
Yredelemnul
Zin
The Shining One

Shops:
D:1 !

Portals:
Abyss: D:6

Annotations:
D:6 2 transporters, bande's ghost, novice GrFi
D:8 2 transporters, AlleluiaPinecone's ghost, novice VSBr


Innate Abilities, Weirdness & Mutations

You are immune to sickness and miasma.
You are immune to poison.
Your flesh is very heat resistant. (rF++)
You are vulnerable to cold. (rC-)
You float through the air rather than walking.
You learn spells naturally, not from books.
Your magical power is your life essence.
You have superior vitality. (+4 HP)


Message History

The foxfire hits the wyvern zombie.
The wyvern zombie is heavily damaged.
The foxfire hits the wyvern zombie.
The wyvern zombie is severely damaged.
Casting: Foxfire (safe; 1% risk of failure)
Press: ? - help, Q - select action, (/) - cycle Dir - look around, f - activate You conjure some foxfire!
* * * LOW HITPOINT WARNING * * *
The foxfire hits the wyvern zombie!
The wyvern zombie is almost destroyed.
The foxfire hits the wyvern zombie.
You destroy the wyvern zombie!
Your foxfire dissipates!
Your foxfire dissipates!
You start resting.
An orc warrior comes into view. It is wielding a +0 trident.
Casting: Foxfire (safe; 1% risk of failure)
Press: ? - help, Q - select action, (/) - cycle Dir - look around, f - activate You conjure some foxfire!
The orc warrior shouts!
* * * LOW HITPOINT WARNING * * *
Unknown command.
The foxfire hits the orc warrior.
The orc warrior is lightly wounded.
The foxfire hits the orc warrior.
The orc warrior is moderately wounded.
Casting: Foxfire (safe; 1% risk of failure)
Confirm with . or Enter, or press ? or * to list all spells.
Flames lash the orc warrior.
The orc warrior is heavily wounded.
The orc warrior's fire resistance burns away.
* * * LOW HITPOINT WARNING * * *
You hear a shout!
Casting: Scorch (safe; 1% risk of failure)
Confirm with . or Enter, or press ? or * to list all spells.
Flames lash the orc warrior.
The orc warrior is heavily wounded.
* * * LOW HITPOINT WARNING * * *
The orc warrior hits you from afar with a +0 trident!
You die...

.........
#.................>.
#...................
#...................
#....).).)).........
#..........)........
#...#o..............
#.#...).)..........
#@...............#
###........≈≈≈...#
##.......≈≈≈...#
#####...≈≈≈....
#.#...........
##.#..........
##..#........
####........
#.#.....#.


You could see an orc warrior (combustible).

Vanquished Creatures
  Harold (D:8)
  2 two-headed ogres (D:9)
  A cyclops (D:8)
  2 centaur zombies
  Sigmund (D:3)
  4 yaks (D:8)
  A wyvern (D:8)
  Edmund (D:4)
  An acid dragon (D:9)
  3 water moccasins
  A sky beast (D:8)
  6 orc warriors
  An ogre (D:4)
  A centaur (D:8)
  A phantom (D:5)
  A kobold brigand (D:6)
  2 bullfrogs
  3 scorpions
  A gnoll sergeant (D:6)
  A wyvern zombie (D:9)
  3 water moccasin skeletons
  5 killer bees (D:8)
  4 howler monkeys
  A jelly (D:5)
  9 orc priests
  A bullfrog skeleton (D:4)
  3 hounds (D:5)
  4 centaur skeletons
  An iron imp (D:8)
  2 iguanas (D:5)
  10 orc wizards
  A hound skeleton (D:3)
  25 gnolls
  4 adders
  A white imp (D:7)
  An ufetubus (D:5)
  An adder skeleton (D:4)
  A worm (D:2)
  3 dart slugs
  25 orcs
  6 endoplasms
  A giant cockroach (D:4)
  3 hobgoblins
  A quokka (D:1)
  7 ball pythons
  4 bats
  7 frilled lizards
  8 goblins
  2 goblin skeletons (D:8)
  5 goblin zombies (D:8)
  6 hobgoblin zombies (D:8)
  15 kobolds
  A kobold skeleton (D:8)
  A kobold zombie (D:8)
  11 rats
218 creatures vanquished.

Vanquished Creatures (others)
  An orc wizard (D:6)
  556 foxfires
  A fungus (D:9)
  A plant (D:9)
559 creatures vanquished.

Grand Total: 777 creatures vanquished

Notes
Turn   | Place    | Note
-------+----------+-------------------------------------------
     0 | D:1      | robertstho the Djinni Fire Elementalist began the quest for
                  | the Orb.
     0 | D:1      | Reached XP level 1. HP: 15/15 MP: 0/0
   183 | D:1      | Found Guvupt's Distillery.
   200 | D:1      | Reached XP level 2. HP: 10/22 MP: 0/0
  1315 | D:1      | Reached skill level 3 in Spellcasting
  1361 | D:1      | Reached XP level 3. HP: 24/26 MP: 0/0
  1361 | D:1      | Learned a level 1 spell: Animate Skeleton
  2276 | D:2      | Reached XP level 4. HP: 24/31 MP: 0/0
  2717 | D:2      | Reached skill level 1 in Fighting
  2725 | D:2      | Reached XP level 5. HP: 17/37 MP: 0/0
  2725 | D:2      | Learned a level 2 spell: Wereblood
  3441 | D:3      | Noticed Sigmund
  3449 | D:3      | Killed Sigmund
  3450 | D:3      | Reached skill level 4 in Spellcasting
  3450 | D:3      | Reached XP level 6. HP: 37/43 MP: 0/0
  3598 | D:3      | Reached skill level 5 in Spellcasting
  4160 | D:3      | Found a bloodstained altar of Trog.
  4298 | D:3      | Found a blossoming altar of Fedhas.
  4328 | D:3      | Reached XP level 7. HP: 44/49 MP: 0/0
  4328 | D:3      | Learned a level 3 spell: Ozocubu's Armour
  4910 | D:4      | Found a shimmering altar of Xom.
  5157 | D:4      | Noticed Edmund
  5169 | D:4      | Killed Edmund
  5170 | D:4      | Reached skill level 6 in Spellcasting
  5538 | D:5      | Entered Level 5 of the Dungeon
  5565 | D:5      | Reached XP level 8. HP: 49/55 MP: 0/0
  5623 | D:5      | Found a white marble altar of Elyvilon.
  5774 | D:5      | Reached skill level 1 in Long Blades
  6483 | D:5      | Reached skill level 7 in Spellcasting
  6792 | D:6      | Reached XP level 9. HP: 9/62 MP: 0/0
  6792 | D:6      | Learned a level 4 spell: Ice Form
  7155 | D:6      | Found a transporter.
  7235 | D:6      | Found a one-way gate to the infinite horrors of the Abyss.
  7235 | D:6      | Noticed bande's ghost (novice GrFi)
  7495 | D:6      | Found a glowing silver altar of Zin.
  7912 | D:6      | Found a transporter.
  8011 | D:7      | Reached skill level 8 in Spellcasting
  8430 | D:7      | Found a staircase to the Ecumenical Temple.
  8460 | Temple   | Entered the Ecumenical Temple
  9041 | D:8      | Identified the +1 great mace "Undertaker" {flame, Str+2}
  9041 | D:8      | Identified the +9 dire flail of Aqyruweo {flame, +Blink
                  | Str-3 Dex+4}
  9041 | D:8      | Noticed a two-headed ogre
  9043 | D:8      | Noticed AlleluiaPinecone's ghost (novice VSBr)
  9046 | D:8      | Found a transporter.
  9049 | D:8      | Found a transporter.
  9057 | D:8      | Reached skill level 9 in Spellcasting
  9107 | D:8      | Reached XP level 10. HP: 32/69 MP: 0/0
  9300 | D:8      | Noticed Harold
  9315 | D:8      | HP: 3/69 [Harold (7)]
  9321 | D:8      | Killed Harold
  9322 | D:8      | Reached skill level 1 in Shields
  9328 | D:8      | Identified a scroll of acquirement
  9349 | D:8      | Reached skill level 10 in Spellcasting
  9352 | D:8      | Reached skill level 5 in Fighting
  9730 | D:8      | Reached skill level 1 in Evocations
  9855 | D:8      | Identified the +6 battleaxe "Teveblim" {venom, Str+7}
  9881 | D:8      | Found a glowing golden altar of the Shining One.
  9929 | D:8      | Identified the +5 ring mail of Apaon {rN+ SInv}
  9983 | D:8      | Reached skill level 1 in Axes
 10206 | D:8      | Found a hazy altar of Hepliaklqana.
 10293 | D:8      | Noticed a cyclops
 10304 | D:8      | Killed a cyclops
 10305 | D:8      | Reached XP level 11. HP: 45/76 MP: 0/0
 10305 | D:8      | Learned a level 5 spell: Lightning Bolt
 10958 | D:9      | Noticed a two-headed ogre
 10963 | D:9      | Killed a two-headed ogre
 11166 | D:9      | Reached skill level 1 in Armour
 11168 | D:9      | Noticed a two-headed ogre
 11175 | D:9      | Killed a two-headed ogre
 11198 | D:9      | Slain by an orc warrior

Illustrated notes

Levels and vault maps discovered:
D:1:      dpeg_arrival_orchard, layout_basic, serial_shops, shop
D:2:      layout_basic, minmay_heptomino_h4
D:3:      layout_basic, fedhas_altar_2, lightli_temple_of_fire,
          minmay_misc_feat_more_columns, uniq_sigmund
D:4:      layout_basic, mainiacjoe_overflow_alcove_1, uniq_edmund
D:5:      layout_loops_cross, elyvilon_altar_3, st_stairs_3, grunt_ministairs_9
D:6:      layout_loops_ring, mainiacjoe_overflow_boulevard,
          gammafunk_ghost_abyssal_escape
D:7:      layout_cave_pools, minmay_temple_entry_ruins, st_stairs_2
D:8:      layout_gridville, nicolae_tso_besieged_by_evil, lemuel_doored_altar,
          gammafunk_ghost_smash, minmay_sticks_and_stones, uniq_harold
D:9:      layout_big_octagon, nicolae_uskayaw_dance_studio,
          lemuel_crystal_altar, dpeg_oklobed_lair
Temple:   minmay_temple_curvy_loop

Skill      XL: |  1  2  3  4  5  6  7  8  9 10 11 |
---------------+----------------------------------+-----
Spellcasting   | 3 4 5 6 7 9 10 | 10.8
Fighting       | 1 2 3 4 5 |  5.9
Stealth        | 2 3 |  3.2
Long Blades    | 1 |  1.7
Dodging        | 3 |  3.8
Shields        | 2 |  2.5
Evocations     | 2 |  2.1
Axes           | 1 2 |  2.9
Armour         | 1 |  1.4

Action                   |  1- 3 |  4- 6 |  7- 9 | 10-12 || total
-------------------------+-------+-------+-------+-------++-------
Melee: Short sword       |     1 |       |       |       ||     1
       Long sword        |       |       |    14 |     3 ||    17
       Battleaxe         |       |       |       |    22 ||    22
 Cast: Foxfire           |    43 |   107 |   126 |    50 ||   326
       Scorch            |    29 |     5 |    59 |     3 ||    96
       Ozocubu's Armour  |       |       |     1 |     2 ||     3
       Flame Wave        |       |       |    10 |    15 ||    25
       Lightning Bolt    |       |       |       |    22 ||    22
Evoke: Wand              |       |       |       |    13 ||    13
  Use: Scroll            |       |       |       |     6 ||     6
       Potion            |       |       |       |     3 ||     3
 Stab: Sleeping          |       |       |     1 |       ||     1
Armor: Robe              |     2 |       |    20 |     9 ||    31
       Ring mail         |       |       |       |     7 ||     7
Dodge: Dodged            |     6 |     6 |    59 |    20 ||    91
Block: Other             |       |       |    21 |    16 ||    37
       Reflection        |       |       |       |     2 ||     2

Table legend: (Time is in decaauts)
 A = Elapsed time spent in this place.
 B = Non-inter-level travel time spent in this place.
 C = Inter-level travel time spent in this place.
 D = Time resting spent in this place.
 E = Time spent auto-exploring this place.
 F = Levels seen in this place.
 G = Mean time per level.
                   A        B        C        D        E       F      G
               +--------+--------+--------+--------+--------+-----+--------+
         Total |  11222 |  10914 |    308 |    979 |   8617 |  10 | 1122.2 |
       Dungeon |  10997 |  10713 |    284 |    979 |   8420 |   9 | 1221.9 |
        Temple |    224 |    200 |     24 |      0 |    197 |   1 |  224.0 |
               +--------+--------+--------+--------+--------+-----+--------+

Top non-repeatable levels by time:
     D:1: 2056 daAuts
     D:5: 1510 daAuts
     D:8: 1451 daAuts
     D:2: 1306 daAuts
     D:3: 1143 daAuts
     D:6: 1112 daAuts
     D:7: 1061 daAuts
     D:4: 1033 daAuts
     D:9: 322 daAuts
  Temple: 224 daAuts
